 Dungeon Crawl Stone Soup version 0.29.0-10-g45618ea6d2 (webtiles) character file.

Game seed: 9785344837827371697

4150 sanka the Grappler (level 10, 0/102 HPs)
             Began as a Troll Cinder Acolyte on Sept 1, 2022.
             Was a Priest of Ignis.
             Slain by a wyvern (17 damage)
             ... summoned by an orange crystal statue
             ... on level 8 of the Dungeon.
             The game lasted 00:14:09 (7119 turns).

sanka the Grappler (Troll Cinder Acolyte)           Turns: 7119, Time: 00:14:09

Health: 0/102      AC:  6    Str: 24    XL:     10   Next: 7%
Magic:  10/10      EV: 13    Int: 10    God:    Ignis [***...]
Gold:   249        SH:  0    Dex:  9    Spells: 11/11 levels left

rFire   + + .      SeeInvis .     - Unarmed
rCold   . . .      Faith    .   (no shield)
rNeg    + . .      Spirit   .   G - +2 robe {rN+}
rPois   .          Reflect  .   (helmet restricted)
rElec   .          Harm     .   (no cloak)
rCorr   .          Rampage  .   (gloves unavailable)
Will    .....                   (boots unavailable)
Stlth   +.........              (no amulet)
HPRegen 1.07/turn               E - ring of protection from fire
MPRegen 0.12/turn               c - +4 ring of evasion

@: no status effects
A: large, unfitting armour, claws 3, regeneration 1, shaggy fur 1, tough skin 1
a: Renounce Religion, Fiery Armour, Foxfire Swarm, Rising Flame


You were on level 8 of the Dungeon.
You worshipped Ignis.
Ignis was most pleased with you.
You visited 2 branches of the dungeon, and saw 9 of its levels.
You also visited: Ossuary and Bailey.

You collected 463 gold pieces.
You spent 214 gold pieces at shops.


Innate Abilities, Weirdness & Mutations

You are too large for most types of armour.
You have claws for hands.
Your natural rate of healing is unusually fast.
You are covered in fur. (AC +1)
You have tough skin. (AC +1)


   Skills:
 + Level 7.0 Fighting
 + Level 12.5 Unarmed Combat
 - Level 1.0 Spellcasting
 - Level 2.1 Fire Magic
 + Level 1.1 Invocations


You had 11 spell levels left.
You didn't know any spells.
Your spell library contained the following spells:

 Spells                   Type           Power      Damage    Failure   Level
 Scorch                   Fire           8%         2d5       22%         2
 Necrotise                Necr           0%         1d4       34%         1
 Blink                    Tloc           0%         N/A       45%         2
 Sublimation of Blood     Necr           0%         N/A       45%         2
 Lesser Beckoning         Tloc           0%         N/A       71%         3
 Vampiric Draining        Necr           0%         2d6       71%         3
 Petrify                  Tmut/Erth      0%         N/A       98%         4
 Agony                    Necr           0%         N/A       100%        5
 Irradiate                Conj/Tmut      0%         3d11      100%        5
 Manifold Assault         Tloc           0%         N/A       100%        5

Inventory:

Missiles
 b - 6 javelins (quivered)
Armour
 G - a +2 robe of positive energy (worn)
Magical Staves
 w - a staff of conjuration {!a}
 y - a staff of fire
Jewellery
 c - a +4 ring of evasion (right claw)
 A - a ring of resist corrosion
 E - a ring of protection from fire (left claw)
Wands
 t - a wand of iceblast (19)
 B - a wand of flame (9)
 C - a wand of paralysis (6)
Scrolls
 a - a scroll of noise {unknown}
 d - 5 scrolls of blinking
 f - 6 scrolls of fear
 g - a scroll of torment {!r}
 j - a scroll of vulnerability {!r}
 k - 4 scrolls of amnesia
 m - 5 scrolls of teleportation {@r4}
 n - 2 scrolls of silence {!r}
 s - a scroll of enchant armour
 v - a scroll of fog {unknown}
 H - a scroll of identify {@r1}
Potions
 e - a potion of cancellation
 h - a potion of attraction {!q}
 i - 4 potions of curing {@q1}
 l - 2 potions of mutation {!q}
 o - a potion of resistance
 p - 3 potions of flight
 q - a potion of heal wounds {@q2}
 r - a potion of berserk rage {unknown}
 u - 3 potions of invisibility
 x - a potion of brilliance {unknown}
 z - a potion of lignification {unknown}
 D - a potion of magic {unknown}
 F - a potion of experience {unknown}

Dungeon Overview and Level Annotations

Branches:
Dungeon (8/15)             Temple (1/1) D:6         Ossuary (visited)
 Bailey (visited)
   Lair: D:8-11

Altars:
Ashenzari
Cheibriados
Dithmenos
Elyvilon
Fedhas
Kikubaaqudgha
Makhleb
Nemelex Xobeh
Okawaru
Trog
Uskayaw
Vehumet
Wu Jian
Xom
Yredelemnul
Zin
The Shining One

Shops:
D:1 :   D:4 ?   D:8 *([(

Annotations:
D:8 exclusion: orange crystal statue

▒▒.∩<...▒ ▒.▒
▒▒▒.▒.▒.▒▒▒▒▒.▒▒▒▒▒
.....>............▒
.▒▒.▒.▒.▒▒▒▒▒.▒▒▒.▒ .▒▒.....▒
▒.▒▒▒.▒ ..▒▒▒.▒▒▒▒▒▒▒.▒▒..▒
.▒.▒▒.........▒▒.▒▒
▒▒▒.▒.▒▒▒▒▒▒▒▒▒▒.▒ .▒......▒
▒T▒ ......▒.▒ ▒l▒ ▒.▒▒▒▒▒.▒
▒o▒ ▒.▒ ▒ ▒o▒ ▒.▒ ▒
▒o▒▒▒▒▒▒▒▒▒ ▒.▒ ▒.▒
▒oo.......▒▒▒ ▒.▒
▒▒▒▒▒.▒▒▒...........▒▒
▒.▒▒▒▒▒▒.................../▒
...........▒▒...............▒


You could see a wyvern (summoned), an orc wizard (summoned) and 4 orcs.


Message History

* * * LOW HITPOINT WARNING * * *
The orc misses you. The wyvern misses you. The wyvern attacks as you move away!
The wyvern closely misses you. The wyvern closely misses you.
The wyvern attacks as you move away! The wyvern bites you.
* * * LOW HITPOINT WARNING * * *
The wyvern bites you.
* * * LOW HITPOINT WARNING * * *
You completely miss the wyvern. The wyvern completely misses you.
You scratch the wyvern but do no damage.
The wyvern barely misses you.
You claw the wyvern!
The wyvern is heavily wounded.
The wyvern closely misses you.
You closely miss the wyvern. You claw the wyvern!
The wyvern is severely wounded.
The wyvern completely misses you.
You barely miss the wyvern.
The wyvern is severely wounded.
The wyvern hisses menacingly.
The wyvern closely misses you.
You scratch the wyvern but do no damage.
The wyvern is severely wounded.
The wyvern bites you!
You die...

Action                   |  1- 3 |  4- 6 |  7- 9 | 10-12 || total
-------------------------+-------+-------+-------+-------++-------
Melee: Unarmed           |    96 |   190 |   243 |    40 ||   569
       Punch             |     1 |     3 |    18 |     1 ||    23
Invok: Fiery Armour      |       |     1 |     1 |       ||     2
       Foxfire Swarm     |       |       |     2 |       ||     2
Evoke: Wand              |       |       |     3 |       ||     3
  Use: Scroll            |       |    11 |     3 |       ||    14
       Potion            |       |       |       |     2 ||     2
 Stab: Distracted        |       |     1 |       |       ||     1
       Sleeping          |       |       |     1 |       ||     1
Armor: Robe              |    38 |    39 |    34 |    15 ||   126
Dodge: Dodged            |    44 |    70 |   150 |    63 ||   327

Levels and vault maps discovered:
D:1:      shiori_arrival_oz, layout_loops_ring, serial_shops, shop,
          minmay_split_cup_small
D:2:      layout_basic, basic_altar
D:3:      layout_loops_ring, vehumet_crystals, amcnicky_altar_gilded,
          lemuel_crystal_altar
D:4:      layout_basic, mainiacjoe_overflow_small_starburst,
          nicolae_ossuary_entry_monument, serial_shops, shop
D:5:      layout_loops_ring
D:6:      layout_basic, demons_altar, trog_book,
          mainiacjoe_overflow_six_doors_small, minmay_temple_entry_junction_2
D:7:      layout_cave_pools, nrook_pool_corridor
D:8:      layout_loops_ring, mainiacjoe_overflow_paths, serial_shops,
          nicolae_diamond_shop, shop, shop, shop, shop, enter_bailey_6,
          disabler_island
Temple:   hellmonk_temple_divided_pantheon

Notes
Turn   | Place    | Note
-------+----------+-------------------------------------------
     0 | D:1      | sanka the Troll Cinder Acolyte began the quest for the Orb.
     0 | D:1      | Reached XP level 1. HP: 22/22 MP: 1/1
    92 | D:1      | Found Qydamep's Book Boutique.
   197 | D:1      | Reached XP level 2. HP: 29/29 MP: 2/2
   583 | D:1      | Reached skill level 4 in Unarmed Combat
   781 | D:2      | Reached XP level 3. HP: 31/36 MP: 3/3
   951 | D:2      | Found a glowing golden altar of the Shining One.
  1023 | D:2      | Reached skill level 5 in Unarmed Combat
  1023 | D:2      | Reached XP level 4. HP: 44/44 MP: 4/4
  1029 | D:2      | Identified the +3 hand axe "Esogucid" {speed, rN+}
  1646 | D:3      | Found a shadowy altar of Dithmenos.
  1730 | D:3      | Found a radiant altar of Vehumet.
  1964 | D:3      | Reached XP level 5. HP: 46/50 MP: 5/5
  2055 | D:3      | Found a basalt altar of Yredelemnul.
  2293 | D:4      | Found a glowing silver altar of Zin.
  2369 | D:4      | Reached skill level 6 in Unarmed Combat
  2558 | D:4      | Found Bebihat's Magic Scroll Shoppe.
  2567 | D:4      | Found a sand-covered staircase.
  2567 | D:4      | Noticed an ogre
  2579 | D:4      | HP: 1/50 [ogre/+0 giant club (19)]
  2581 | D:4      | Killed an ogre
  2632 | Ossuary  | Entered an ossuary
  2648 | Ossuary  | Reached XP level 6. HP: 59/59 MP: 6/6
  2655 | Ossuary  | Reached skill level 7 in Unarmed Combat
  2900 | D:4      | Bought a scroll of identify for 26 gold pieces
  2900 | D:4      | Bought a scroll of teleportation for 39 gold pieces
  2900 | D:4      | Bought a scroll of fear for 52 gold pieces
  2900 | D:4      | Bought a scroll of enchant armour for 97 gold pieces
  2910 | D:4      | Identified a potion of resistance
  3245 | D:5      | Entered Level 5 of the Dungeon
  3543 | D:5      | Noticed an ice beast
  3553 | D:5      | Killed an ice beast
  3554 | D:5      | Reached skill level 8 in Unarmed Combat
  3554 | D:5      | Reached XP level 7. HP: 27/66 MP: 7/7
  4030 | D:6      | HP: 6/66 [orc warrior/+0 halberd of flaming (16)]
  4032 | D:6      | Reached skill level 9 in Unarmed Combat
  4108 | D:6      | Found a staircase to the Ecumenical Temple.
  4118 | Temple   | Entered the Ecumenical Temple
  4118 | Temple   | Found a transporter.
  4118 | Temple   | Found a transporter.
  4120 | Temple   | Found a transporter.
  4120 | Temple   | Found a transporter.
  4338 | D:6      | Found a bloodstained altar of Trog.
  4566 | D:6      | Reached XP level 8. HP: 68/74 MP: 8/8
  4578 | D:6      | Found a broken altar of Ashenzari.
  4678 | D:6      | Reached skill level 10 in Unarmed Combat
  4699 | D:6      | Found a burning altar of Makhleb.
  4752 | D:6      | Reached skill level 3 in Fighting
  5836 | D:8      | Reached skill level 4 in Fighting
  5901 | D:8      | Found Veoshiz's Assorted Antiques.
  5903 | D:8      | Reached skill level 11 in Unarmed Combat
  5920 | D:8      | Reached XP level 9. HP: 29/87 MP: 9/9
  5930 | D:8      | Noticed a two-headed ogre
  5943 | D:8      | Killed a two-headed ogre
  5944 | D:8      | Reached skill level 5 in Fighting
  5973 | D:8      | Found Fanil's Weapon Shoppe.
  5984 | D:8      | Noticed an orange crystal statue
  5997 | D:8      | Found a flagged portal.
  6021 | D:8      | Found Uckifoh's Antique Weapon Shoppe.
  6026 | Bailey   | Entered a bailey
  6153 | Bailey   | Identified the +1 scale mail of the Curious Tusks {rC+
                  | Regen+ Str+2}
  6227 | Bailey   | Noticed a gargoyle
  6242 | Bailey   | Killed a gargoyle
  6243 | Bailey   | Reached skill level 6 in Fighting
  6243 | Bailey   | Reached skill level 12 in Unarmed Combat
  6653 | D:8      | Reached XP level 10. HP: 82/100 MP: 10/10
  6671 | D:8      | Found an ornate altar of the Wu Jian Council.
  6832 | D:8      | Found Tarej's Armour Shoppe.
  6906 | D:8      | Reached skill level 7 in Fighting
  6906 | D:8      | Reached skill level 1 in Invocations
  7105 | D:8      | HP: 6/102 [wyvern[an orange crystal statue] (16)]
  7119 | D:8      | Slain by a wyvern

Vanquished Creatures
  A two-headed ogre (D:8)
  A gargoyle (Bailey)
  A vampire (Bailey)
  2 sky beasts (D:8)
  2 ice beasts
  2 orc warriors
  3 ogres
  3 centaurs
  A phantom (D:6)
  2 bullfrogs (D:8)
  An elf zombie (Ossuary)
  2 necrophages
  2 scorpions
  8 vampire bats (Bailey)
  An electric eel (D:7)
  6 wolf zombies (Bailey)
  2 howler monkeys (D:8)
  4 lava snakes (D:8)
  2 hounds
  3 iron imps (D:6)
  2 jellies
  6 iguanas
  An orc wizard (D:8)
  3 mummies (Ossuary)
  11 adders
  2 shadow imps
  A white imp (D:7)
  An ufetubus (D:5)
  An adder zombie (Ossuary)
  2 worms
  2 dart slugs
  30 orcs
  2 endoplasms
  A giant cockroach (D:3)
  5 goblins
  8 hobgoblins
  3 jackals (D:2)
  5 kobolds
  3 quokkas
  11 ball pythons
  3 bats
  5 frilled lizards
  5 goblin zombies (Ossuary)
  2 hobgoblin zombies (Ossuary)
  3 kobold zombies (Ossuary)
  22 orc zombies (Bailey)
  7 rats
  6 rat zombies (Ossuary)
202 creatures vanquished.

Vanquished Creatures (others)
  39 foxfires (D:8)
39 creatures vanquished.

Grand Total: 241 creatures vanquished
